 Dungeon Crawl Stone Soup version 0.28.0-53-g5a82cb258f (webtiles) character file.

Game seed: 16833659775703093761

1358 pkoi the Destroyer (level 8, -7/57 HPs)
             Began as a Demigod Conjurer on May 20, 2022.
             Mangled by an orc warrior
             ... wielding a +0 mace
              (15 damage)
             ... on level 4 of the Dungeon.
             The game lasted 00:08:55 (7895 turns).

pkoi the Destroyer (Demigod Conjurer)               Turns: 7895, Time: 00:08:56

Health: -7/57      AC:  5    Str:  7 (8)  XL:     8   Next: 15%
Magic:  5/13       EV: 12    Int: 28      God:
Gold:   243        SH:  0    Dex: 12      Spells: 3/10 levels left

rFire   . . .      SeeInvis .   i - +1 dagger (venom)
rCold   . . .      Faith    .   (no shield)
rNeg    . . .      Spirit   .   k - +2 robe
rPois   .          Reflect  .   d - +0 helmet
rElec   .          Harm     .   (no cloak)
rCorr   .          Rampage  .   (no gloves)
Will    .....                   (no boots)
Stlth   ++........              j - amulet of the acrobat
HPRegen 0.19/turn               (no ring)
MPRegen 0.13/turn               (no ring)

@: no status effects
A: high MP 1, forlorn, divine attributes, deterioration 1
a: no special abilities


You were on level 4 of the Dungeon.
You visited 1 branch of the dungeon, and saw 5 of its levels.

You collected 243 gold pieces.

Inventory:

Hand Weapons
 i - a +1 dagger of venom (weapon)
 n - the +5 whip "Veriexih" {speed, Stlth+}
   (You found it on level 3 of the Dungeon)

   Attacks with this weapon are significantly faster.
   Stlth:     It makes you more stealthy.
 q - a +2 flail of holy wrath
Missiles
 p - 2 throwing nets
Armour
 a - a +0 robe
 d - a +0 helmet (worn)
 k - a +2 robe (worn)
Jewellery
 j - an amulet of the acrobat (around neck)
Wands
 r - a wand of charming (7)
Scrolls
 b - 2 scrolls of vulnerability
 m - 2 scrolls of teleportation
 o - a scroll of identify
Potions
 l - 2 potions of curing
 s - a potion of lignification
 t - a potion of might


   Skills:
 + Level 3.7 Maces & Flails
 - Level 1.7 Dodging
 - Level 1.7 Stealth
 - Level 1.7 Spellcasting
 * Level 8.7 Conjurations
 + Level 3.1 Translocations


You had 3 spell levels left.
You knew the following spells:

 Your Spells              Type           Power      Damage    Failure   Level
a - Magic Dart            Conj           100%       1d8       1%          1
b - Searing Ray           Conj           100%       2d8       1%          2
c - Iskenderun's Mystic   Conj/Tloc      35%        2d8       9%          4

Your spell library contained the following spells:

 Spells                   Type           Power      Damage    Failure   Level
 Dazzling Flash           Conj/Hex       52%        N/A       4%          3
 Scorch                   Fire           4%         2d5       14%         2
 Flame Wave               Conj/Fire      26%        2d7       16%         4
 Fulminant Prism          Conj/Hex       13%        3d9       16%         4
 Summon Cactus Giant      Summ           1%         N/A       100%        6


Dungeon Overview and Level Annotations

Branches:
Dungeon (5/15)
 Temple: D:4-7

Shops:
D:3 :


Innate Abilities, Weirdness & Mutations

You have an increased reservoir of magic. (+10% MP)
You shall have no god before yourself.
Your divine heritage dramatically boosts your attributes as you level up.
Your body sometimes deteriorates upon taking damage.


Message History

The orc warrior is heavily wounded.
The orc warrior hits you with a +0 mace.
* * * LOW HITPOINT WARNING * * *
Unknown command.
You hit the orc warrior but do no damage.
The orc warrior is heavily wounded.
Unknown command.
You hit the orc warrior but do no damage.
The orc warrior is heavily wounded.
The orc warrior hits you with a +0 mace!
* * * LOW HITPOINT WARNING * * *
Unknown command.
You hit the orc warrior but do no damage.
The orc warrior is heavily wounded.
The orc warrior closely misses you.
Unknown command.
You barely miss the orc warrior.
The orc warrior is heavily wounded.
Unknown command.
You hit the orc warrior but do no damage.
The orc warrior is heavily wounded.
The orc warrior closely misses you.
Unknown command.
You hit the orc warrior.
The orc warrior is heavily wounded.
The orc warrior hits you with a +0 mace!
* * * LOW HITPOINT WARNING * * *
Unknown command.
Your +1 dagger of venom begins to drip with poison!
i - a +1 dagger of venom (weapon)
You hit the orc warrior but do no damage.
The orc warrior is poisoned.
The orc warrior is heavily wounded.
The orc warrior hits you with a +0 mace.
* * * LOW HITPOINT WARNING * * *
The orc warrior looks more healthy.
You hit the orc warrior.
The orc warrior is poisoned.
The orc warrior is almost dead.
The orc warrior hits you with a +0 mace!
You die...

### ##.## #####.#.###########
##....###..........###
#...##.#.......o@....############
..#......#####.###.#.##..........
#..[##########..##.#.##.....)....
##.## ##........#.##..#####..#
##.#### #...........##..#??$#..#
......# #..##..##...##..#)($#..#
......# #..##..##...##..#$)[#..#
......# #....##.....##..#####..#
......# #....##.................


You could see an orc warrior (poisoned).

Vanquished Creatures
  Grinder (D:4)
  Sigmund (D:4)
  Edmund (D:4)
  Duvessa (D:4)
  An ogre (D:2)
  A phantom (D:4)
  A scorpion (D:4)
  A gnoll sergeant (D:5)
  Dowan (D:4)
  A gnoll shaman (D:4)
  Jessica (D:2)
  Natasha (thrice) (D:2)
  An iguana (D:4)
  A hound skeleton (D:4)
  9 gnolls
  7 adders
  2 river rats (D:4)
  A white imp (D:5)
  2 dart slugs
  5 orcs
  7 ball pythons
  5 bats
  11 endoplasms
  6 giant cockroaches
  12 goblins
  6 hobgoblins
  2 jackals (D:1)
  7 kobolds
  8 quokkas
  A frilled lizard (D:1)
  4 rats
111 creatures vanquished.

Notes
Turn   | Place    | Note
-------+----------+-------------------------------------------
     0 | D:1      | pkoi the Demigod Conjurer began the quest for the Orb.
     0 | D:1      | Reached XP level 1. HP: 14/14 MP: 5/5
   356 | D:1      | Reached skill level 4 in Conjurations
   832 | D:1      | Reached XP level 2. HP: 20/20 MP: 4/7
  1742 | D:1      | Reached XP level 3. HP: 26/26 MP: 6/8
  1777 | D:1      | Gained mutation: Armour fits poorly on your strangely
                  | shaped body. [potion of mutation]
  1777 | D:1      | Gained mutation: Your body sometimes deteriorates upon
                  | taking damage. [potion of mutation]
  1777 | D:1      | Gained mutation: You are weak. (Str -2) [potion of
                  | mutation]
  1903 | D:1      | Learned a level 2 spell: Searing Ray
  2373 | D:2      | Reached skill level 5 in Conjurations
  2545 | D:2      | Noticed an ogre
  2551 | D:2      | Killed an ogre
  2552 | D:2      | Reached XP level 4. HP: 22/33 MP: 1/9
  2786 | D:2      | Noticed Natasha
  2789 | D:2      | Killed Natasha
  2790 | D:2      | Reached skill level 6 in Conjurations
  2790 | D:2      | Reached XP level 5. HP: 38/38 MP: 5/10
  2850 | D:2      | Noticed Natasha
  2856 | D:2      | Killed Natasha
  3438 | D:2      | Noticed Natasha
  3442 | D:2      | Killed Natasha
  3451 | D:2      | Noticed Jessica
  3463 | D:2      | Lost mutation: You are weak. (Str -2) [potion of mutation]
  3463 | D:2      | Lost mutation: Armour fits poorly on your strangely shaped
                  | body. [potion of mutation]
  3463 | D:2      | Lost mutation: Your body sometimes deteriorates upon taking
                  | damage. [potion of mutation]
  3463 | D:2      | Gained mutation: Your body sometimes deteriorates upon
                  | taking damage. [potion of mutation]
  3464 | D:2      | Killed Jessica
  3905 | D:3      | Found Hooschoack's Book Shoppe.
  4725 | D:3      | Identified the +5 whip "Veriexih" {speed, Stlth+}
  5077 | D:4      | Noticed Dowan
  5428 | D:4      | Noticed Sigmund
  5442 | D:4      | Killed Sigmund
  5443 | D:4      | Reached skill level 1 in Maces & Flails
  5443 | D:4      | Reached skill level 7 in Conjurations
  5443 | D:4      | Reached XP level 6. HP: 32/45 MP: 3/11
  5512 | D:4      | Learned a level 4 spell: Iskenderun's Mystic Blast
  5538 | D:4      | Noticed Duvessa
  5552 | D:4      | Killed Duvessa
  5553 | D:4      | Reached skill level 1 in Translocations
  5565 | D:4      | Killed Dowan
  5566 | D:4      | Reached XP level 7. HP: 13/50 MP: 1/12
  6114 | D:4      | Noticed Edmund
  6122 | D:4      | Killed Edmund
  6123 | D:4      | Reached skill level 8 in Conjurations
  6157 | D:4      | Noticed Grinder
  6236 | D:4      | Paralysed by Grinder for 5 turns
  6244 | D:4      | Killed Grinder
  7040 | D:5      | Entered Level 5 of the Dungeon
  7105 | D:5      | Reached XP level 8. HP: 57/57 MP: 5/13
  7895 | D:4      | Mangled by an orc warrior

Illustrated notes

Levels and vault maps discovered:
D:1:      lightli_arrival_lavapool, layout_rooms, ebering_ecumenical_altar_mist,
          skrybe_limestone_x
D:2:      minmay_evil_eye, layout_basic, uniq_natasha, uniq_jessica
D:3:      layout_basic, kiku_gazebo_pond_becter, serial_shops,
          nicolae_shop_hallway_plus
D:4:      layout_loops_ring, gup_sewer_entry_spiral, minmay_misc_feat_ornament,
          amcnicky_mini_rare_corridor_liquid, hangedman_decor_growths,
          due_unseen_surprise, uniq_sigmund, uniq_edmund, uniq_duvessa,
          uniq_grinder
D:5:      minmay_goblin_kobold_castle, layout_basic

Skill      XL: |  1  2  3  4  5  6  7  8 |
---------------+-------------------------+-----
Conjurations   | 4 5 6 7 8 |  8.7
Maces & Flails | 1 2 3 |  3.7
Translocations | 1 2 3 |  3.1
Dodging        | |  1.7
Stealth        | |  1.7
Spellcasting   | |  1.7

Action                   |  1- 3 |  4- 6 |  7- 9 || total
-------------------------+-------+-------+-------++-------
Melee: Unarmed           |     5 |       |       ||     5
       Dagger            |     5 |       |     2 ||     7
       Punch             |     1 |       |       ||     1
       Whip              |       |     5 |    85 ||    90
       Flail             |       |       |     4 ||     4
 Cast: Magic Dart        |    76 |    61 |    16 ||   153
       Searing Ray       |     2 |     7 |    12 ||    21
       Iskenderun's Myst |       |       |     5 ||     5
  Use: Potion            |     2 |     5 |       ||     7
       Scroll            |     2 |       |     2 ||     4
 Stab: Sleeping          |       |       |     2 ||     2
Armor: Robe              |     5 |       |    16 ||    21
       Skin              |       |     4 |       ||     4
Dodge: Dodged            |    10 |    12 |    51 ||    73
